 Dungeon Sprint DCSS version 0.20-a0-1086-g4bd2f5b (webtiles) character file.

14504 tinyrick the Peltast (level 12, -4/92 HPs)
             Began as a Formicid Fighter on May 1, 2017.
             Was the Champion of the Shining One.
             Slain by a 14-headed hydra (7 damage)
             ... in the Dungeon (Sprint I: "Red Sonja").
             The game lasted 00:34:34 (4691 turns).

tinyrick the Peltast (Formicid Fighter)             Turns: 4691, Time: 00:34:34

Health: -4/92      AC: 19    Str: 22      XL:     12   Next: 46%
Magic:  5/8        EV:  8    Int:  4 (6)  God:    the Shining One [******]
Gold:   915        SH: 28    Dex:  9 (10) Spells: 11/11 levels left

rFire    + . .     SeeInvis +   p - +5 triple sword (elec)
rCold    + . .     Gourm    .   q - +2 large shield {rF+}
rNeg     + + +     Faith    .   f - +7 plate armour of Punkeh {rC+}
rPois    .         Spirit   .   (helmet unavailable)
rElec    .         Reflect  .   (no cloak)
rCorr    .         Harm     .   o - +0 pair of gloves {archery}
MR       ++...                  (no boots)
Stlth    ..........             (no amulet)
Regen    0.3/turn               (no ring)
MPRegen  0.2/turn               (no ring)

@: divine shield, glowing
A: permanent stasis, dig shafts and tunnels, four strong arms, antennae 3,
blurry vision 3, deformed body, deterioration 2, dopey 1, frail 1, low mp 3,
magic resistance 1, screaming 1, weak 2, subdued magic 2, MP-powered wands
a: Dig, Divine Shield, Cleansing Flame, Summon Divine Warrior, Brand Weapon With
Holy Wrath, Renounce Religion


You were in the Dungeon.
You worshipped the Shining One.
The Shining One was exalted by your worship.
You were not hungry.

You visited 1 branch You collected 2876 gold pieces.
You spent 1961 gold pieces at shops.

Inventory:

Hand Weapons
 p - a +5 triple sword of electrocution (weapon)
Armour
 f - the +7 plate armour of Punkeh (worn) {rC+}
   (You bought it in a shop in the Dungeon)

   It protects you from cold.
 o - a +0 pair of gloves of archery (worn)
 q - a +2 large shield of fire resistance (worn)
Wands
 m - a wand of iceblast (6/15)
Scrolls
 c - 2 scrolls of amnesia {unknown}
 k - a scroll of blinking
 l - a scroll of recharging
Potions
 a - a potion of lignification {unknown}
 e - 2 potions of curing
 g - a potion of heal wounds
 i - 2 potions of magic
Books
 b - a book of Debilitation

   Spells                             Type                      Level
   a - Corona                         Hexes                        1
   b - Slow                           Hexes                        2
   c - Inner Flame                    Hexes/Fire                   3
   d - Portal Projectile              Hexes/Translocation          3
   e - Cause Fear                     Hexes                        4
   f - Leda's Liquefaction            Hexes/Earth                  4
Comestibles
 d - 3 royal jellies
 n - a fruit


   Skills:
 * Level 12.8 Fighting
 + Level 15.9 Long Blades
   Level 12.6 Maces & Flails
 + Level 13.7 Armour
 + Level 3.3 Dodging
 - Level 16.4 Shields


You had 11 spell levels left.
You didn't know any spells.

Dungeon Overview and Level Annotations

Branches:
Dungeon (1/1)

Altars:
Cheibriados
Dithmenos
Elyvilon
Fedhas
Gozag
Hepliaklqana
Kikubaaqudgha
Makhleb
Nemelex Xobeh
Okawaru
Qazlal
Ru
Sif Muna
Trog
Uskayaw
Vehumet
Wu Jian
Xom
Yredelemnul
Zin
The Shining One
Jiyva
Lugonu

Shops:
D :}((*[[[(:([%((*(}([[


Innate Abilities, Weirdness & Mutations

You cannot be hasted, slowed, berserked, paralysed or teleported.
You can dig through walls and to a lower floor.
Your four strong arms can wield two-handed weapons with a shield.
You have a pair of large antennae on your head. (SInv)
Scrolls take you much longer to read.
Armour fits poorly on your strangely shaped body.
Your body often deteriorates upon taking damage.
You are dopey. (Int -2)
You are frail. (-10% HP)
Your magical capacity is extremely low. (-30% MP)
You are resistant to hostile enchantments. (MR+)
You occasionally shout uncontrollably at your foes.
You are very weak. (Str -4)
Your spells are easier to cast, but less powerful.
You expend magic power (3 MP) to strengthen your wands.


Message History

You block the 14-headed hydra's attack. The 14-headed hydra bites you!
* * * LOW HITPOINT WARNING * * *
You block the 14-headed hydra's attack. The 14-headed hydra bites you.
* * * LOW HITPOINT WARNING * * *
The 14-headed hydra closely misses you. The 14-headed hydra bites you!
* * * LOW HITPOINT WARNING * * *
The 14-headed hydra bites you.
* * * LOW HITPOINT WARNING * * *
You block the 14-headed hydra's attack. The 14-headed hydra bites you.
* * * LOW HITPOINT WARNING * * *
The 14-headed hydra bites you.
* * * LOW HITPOINT WARNING * * *
The 14-headed hydra bites you but does no damage.
The 14-headed hydra bites you. The Shining One protects you from harm!
You block the 14-headed hydra's attack.
The 14-headed hydra bites you but does no damage.
Your shield is strengthened by the Shining One's divine power.
You feel slightly more hungry. The 14-headed hydra bites you!
You die...

###############################
#<.#..+..#.)'..#__#..+.§..§.§§§
#..'[.#..).....'^.'....§..#+#.#
#..#####+#####D#__####)..+.§#§§
#..####..#...#@####§§#####.)+.#
#..#__##.#..##.#§≈≈§§#§.##+####
#..#_____##'#_.§§§≈.§+§.#.§§^.#
#⌠⌠#_.∩...'..._#§≈≈))#§.#.§§§.+
##.._..__##_.#+##§##.##+###§..#
#..#_____###'#[..[)...#.+.#^..#
############.####+###)##..#..##
#∩^......)'...'.....+.∩##.#^.##
###''''####.....#####.###§##'#.


You could see a 14-headed hydra.

Vanquished Creatures
  A lorocyproca (D)
  2 centaur warriors (D)
  Sonja (D)
  2 unseen horrors (D)
  A deep troll (D)
  A lindwurm (D)
  An oklob plant (D)
  8 shining eyes (D)
  A gargoyle (D)
  4 demonic crawlers (D)
  2 kobold demonologists (D)
  A meliai (D)
  A hornet (D)
  A slime creature (D)
  2 redbacks (D)
  Sigmund (D)
  A yak (D)
  13 hogs (D)
  7 floating eyes (D)
  7 necrophages (D)
  An ogre (D)
  8 jellies (D)
  Ijyb (D)
  2 ballistomycetes (D)
70 creatures vanquished.

Vanquished Creatures (others)
  A gargoyle (D)
  2 ballistomycete spores (D)
3 creatures vanquished.

Grand Total: 73 creatures vanquished

Notes
Turn   | Place    | Note
-------+----------+-------------------------------------------
     0 | D        | tinyrick the Formicid Fighter began the quest for the Orb.
     0 | D        | Reached XP level 1. HP: 18/18 MP: 1/1
     1 | D        | Noticed Ijyb
    23 | D        | Killed Ijyb
    23 | D        | Reached skill level 5 in Shields
    23 | D        | Reached XP level 2. HP: 21/26 MP: 2/2
    23 | D        | Reached XP level 3. HP: 25/31 MP: 3/3
    86 | D        | Found a basalt altar of Yredelemnul.
    86 | D        | Found a hide-covered altar of Uskayaw.
    86 | D        | Found a hazy altar of Hepliaklqana.
    86 | D        | Found a shadowy altar of Dithmenos.
    86 | D        | Found an ancient bone altar of Kikubaaqudgha.
    86 | D        | Found a sacrificial altar of Ru.
    86 | D        | Found a snail-covered altar of Cheibriados.
    86 | D        | Found Jemaf's Antique Weapon Emporium.
    86 | D        | Found an opulent altar of Gozag.
    86 | D        | Found a sparkling altar of Nemelex Xobeh.
    86 | D        | Found a glowing golden altar of the Shining One.
    86 | D        | Found an iron altar of Okawaru.
    86 | D        | Found a bloodstained altar of Trog.
    86 | D        | Found a blossoming altar of Fedhas.
    86 | D        | Found a stormy altar of Qazlal.
    86 | D        | Found a white marble altar of Elyvilon.
    86 | D        | Found a glowing silver altar of Zin.
    86 | D        | Noticed a yak
    93 | D        | Killed a yak
    93 | D        | Reached skill level 1 in Dodging
    93 | D        | Reached skill level 7 in Shields
    93 | D        | Reached XP level 4. HP: 19/41 MP: 4/4
    93 | D        | Reached XP level 5. HP: 22/47 MP: 5/5
    97 | D        | Became a worshipper of the Shining One
   273 | D        | Found a deep blue altar of Sif Muna.
   273 | D        | Found a radiant altar of Vehumet.
   273 | D        | Found an ornate altar of the Wu Jian Council.
   276 | D        | Reached skill level 5 in Maces & Flails
   276 | D        | Reached skill level 8 in Shields
   276 | D        | Reached XP level 6. HP: 42/53 MP: 6/6
   383 | D        | Found Haehew's Armour Emporium.
   407 | D        | Noticed Sigmund
   415 | D        | Killed Sigmund
   415 | D        | Reached skill level 9 in Shields
   470 | D        | Noticed an ogre
   475 | D        | Killed an ogre
   475 | D        | Reached XP level 7. HP: 61/61 MP: 7/7
   489 | D        | Found a burning altar of Makhleb.
   489 | D        | Found a viscous altar of Jiyva.
   489 | D        | Found a shimmering altar of Xom.
   489 | D        | Found a corrupted altar of Lugonu.
   489 | D        | Noticed a slime creature
   500 | D        | Killed a slime creature
   500 | D        | Reached skill level 10 in Shields
   630 | D        | Noticed an unseen horror
   630 | D        | Reached * piety under the Shining One
   630 | D        | Noticed an unseen horror
   650 | D        | Killed an unseen horror
   650 | D        | Reached skill level 10 in Armour
   650 | D        | Reached skill level 11 in Shields
   650 | D        | Reached XP level 8. HP: 42/70 MP: 8/8
   659 | D        | Killed an unseen horror
   659 | D        | Reached skill level 10 in Maces & Flails
   659 | D        | Reached skill level 12 in Shields
   659 | D        | Reached XP level 9. HP: 37/76 MP: 9/9
  1093 | D        | Reached ** piety under the Shining One
  1116 | D        | Reached skill level 10 in Fighting
  1234 | D        | Reached *** piety under the Shining One
  1235 | D        | Reached **** piety under the Shining One
  1252 | D        | Reached ***** piety under the Shining One
  1279 | D        | Reached skill level 13 in Shields
  1279 | D        | Reached XP level 10. HP: 85/85 MP: 10/10
  1335 | D        | Found Soygua's Antique Armour Shoppe.
  1335 | D        | Found Waseguas's Armour Shop.
  1335 | D        | Found Virinwea's Weapon Boutique.
  1337 | D        | Found Efaa's Book Emporium.
  1337 | D        | Found Noivieb's Weapon Shop.
  1337 | D        | Found Woisoomp's Armour Shoppe.
  1337 | D        | Found Meug's Food Boutique.
  1337 | D        | Found Yfezemet's Antique Weapon Emporium.
  1337 | D        | Found Ureesug's Antique Weapon Shop.
  1337 | D        | Found Ryaklo's General Store.
  1341 | D        | Bought a +4 triple sword of electrocution for 611 gold pieces
  1343 | D        | Found Qountaicac's Antique Weapon Boutique.
  1344 | D        | Found Ciomn's Antique Weapon Emporium.
  1344 | D        | Found Gul Vaov's Gadget Boutique.
  1345 | D        | Found Wacked's Armour Emporium.
  1366 | D        | Bought a +2 large shield of fire resistance for 301 gold pieces
  1416 | D        | Bought a meat ration for 55 gold pieces
  1416 | D        | Bought a meat ration for 55 gold pieces
  1437 | D        | Noticed a deep troll
  1442 | D        | Killed a deep troll
  1485 | D        | Noticed a centaur warrior
  1485 | D        | Reached ****** piety under the Shining One
  1486 | D        | Noticed a centaur warrior
  1487 | D        | Killed a centaur warrior
  1489 | D        | Killed a centaur warrior
  1489 | D        | Reached skill level 14 in Shields
  1599 | D        | Noticed an oklob plant
  1604 | D        | Killed an oklob plant
  1615 | D        | Killed a gargoyle
  1683 | D        | Noticed Sonja
  1719 | D        | Killed Sonja
  1719 | D        | Reached XP level 11. HP: 90/94 MP: 11/11
  1778 | D        | Noticed a shining eye
  1785 | D        | Gained mutation: Your magical capacity is low. (-10% MP) [a shining eye]
  1787 | D        | Killed a shining eye
  1883 | D        | Found Miyxkusk's Book Boutique.
  1883 | D        | Noticed a shining eye
  1883 | D        | Noticed a shining eye
  1884 | D        | Noticed a shining eye
  1885 | D        | Noticed a shining eye
  1885 | D        | Noticed a shining eye
  1886 | D        | Noticed a shining eye
  1886 | D        | Noticed a shining eye
  1888 | D        | Gained mutation: You expend magic power (3 MP) to strengthen your wands. [a shining eye]
  1891 | D        | Gained mutation: You occasionally shout uncontrollably at your foes. [a shining eye]
  1893 | D        | Gained mutation: Your magical capacity is very low. (-20% MP) [a shining eye]
  1893 | D        | Gained mutation: Your body sometimes deteriorates upon taking damage. [a shining eye]
  1894 | D        | Killed a shining eye
  1894 | D        | Reached skill level 10 in Long Blades
  1894 | D        | Reached skill level 15 in Shields
  1894 | D        | Gained mutation: You are dopey. (Int -2) [a shining eye]
  1895 | D        | Gained mutation: You are resistant to hostile enchantments. (MR+) [a shining eye]
  1895 | D        | Gained mutation: Your spells are a little easier to cast, but a little less powerful. [a shining eye]
  1896 | D        | Killed a shining eye
  1897 | D        | Gained mutation: Scrolls take you a little longer to read. [a shining eye]
  1897 | D        | Gained mutation: Scrolls take you longer to read. [a shining eye]
  1898 | D        | Killed a shining eye
  1898 | D        | Gained mutation: You are weak. (Str -2) [a shining eye]
  1899 | D        | Killed a shining eye
  1899 | D        | Gained mutation: Armour fits poorly on your strangely shaped body. [a shining eye]
  1900 | D        | Gained mutation: Your magical capacity is extremely low. (-30% MP) [a shining eye]
  1902 | D        | Gained mutation: Scrolls take you much longer to read. [a shining eye]
  1902 | D        | Gained mutation: Your body often deteriorates upon taking damage. [a shining eye]
  1903 | D        | Killed a shining eye
  1903 | D        | Gained mutation: Your spells are easier to cast, but less powerful. [a shining eye]
  1904 | D        | Gained mutation: You are frail. (-10% HP) [a shining eye]
  1905 | D        | Gained mutation: You are very weak. (Str -4) [a shining eye]
  1907 | D        | Killed a shining eye
  1909 | D        | Killed a shining eye
  1932 | D        | Found Woshrad's General Store.
  1932 | D        | Found Fuun's Gadget Shoppe.
  1932 | D        | Found Haluam's Antique Armour Boutique.
  1932 | D        | Found Tefracw's Weapon Emporium.
  1949 | D        | Bought a scroll of remove curse for 42 gold pieces
  2058 | D        | Noticed a sixfirhy
  2153 | D        | Noticed a lindwurm
  2161 | D        | Killed a lindwurm
  2530 | D        | Reached XP level 12. HP: 78/91 MP: 8/8
  2649 | D        | Reached skill level 15 in Long Blades
  2672 | D        | Reached skill level 16 in Shields
  3183 | D        | Noticed a lorocyproca
  3196 | D        | Killed a lorocyproca
  3478 | D        | Bought the +7 plate armour of Punkeh {rC+} for 792 gold pieces
  3531 | D        | Noticed a daeva
  4546 | D        | Bought a royal jelly for 28 gold pieces
  4546 | D        | Bought a royal jelly for 28 gold pieces
  4546 | D        | Bought a royal jelly for 28 gold pieces
  4546 | D        | Bought a fruit for 21 gold pieces
  4657 | D        | Noticed a 12-headed hydra
  4690 | D        | HP: 4/92 [14-headed hydra (4)]
  4690 | D        | The Shining One protects you from harm!
  4691 | D        | Slain by a 14-headed hydra

Vault maps used:
D:        dungeon_sprint_1

Skill      XL: |  1  2  3  4  5  6  7  8  9 10 11 12 |
---------------+-------------------------------------+-----
Fighting       | 4 6 7 8 9 10 11 12 | 12.8
Armour         | 4 6 7 8 10 11 12 13 | 13.7
Shields        | 5 7 8 9 11 12 13 14 15 16 | 16.4
Maces & Flails | 4 5 6 9 10 12 | 12.6
Dodging        | 1 2 3 |  3.3
Long Blades    | 8 14 15 | 15.9

Action                   |  1- 3 |  4- 6 |  7- 9 | 10-12 || total
-------------------------+-------+-------+-------+-------++-------
Melee: Flail             |    26 |    15 |    84 |     5 ||   130
       Triple sword      |       |       |       |   160 ||   160
Invok: Divine Shield     |       |       |       |     1 ||     1
 Abil: Dig               |     2 |     4 |     1 |    10 ||    17
  Use: Potion            |     1 |       |       |     1 ||     2
       Scroll            |       |       |       |     4 ||     4
  Eat: Bread ration      |       |       |     1 |       ||     1
       Meat ration       |       |       |       |     2 ||     2
Armor: Scale mail        |    10 |     1 |       |       ||    11
       Plate armour      |       |     1 |    41 |   108 ||   150
Dodge: Dodged            |     6 |     2 |    17 |    44 ||    69
Block: Shield            |    12 |     7 |    49 |       ||    68
       Large shield      |       |       |       |   202 ||   202
       Rpst.: Triple sword |       |       |       |     5 ||     5
